 Dungeon Crawl Stone Soup version 0.28-a0-80-g9707f7362f (webtiles) character file.

Game seed: 6427011875619589515

118 duskshroud the Ruffian (level 4, -2/45 HPs)
             Began as a Troll Monk on Aug 5, 2021.
             Slain by an ogre (19 damage)
             ... on level 3 of the Dungeon.
             The game lasted 00:08:21 (2239 turns).

duskshroud the Ruffian (Troll Monk)                 Turns: 2239, Time: 00:08:21

Health: -2/45      AC:  4    Str: 19    XL:     4   Next: 72%
Magic:  3/3        EV: 10    Int:  6    God:
Gold:   124        SH:  0    Dex: 13    Spells: 3/3 levels left

rFire   . . .      SeeInvis .     - Unarmed
rCold   . . .      Faith    .   (no shield)
rNeg    . . .      Spirit   .   g - +0 robe
rPois   .          Reflect  .   (helmet restricted)
rElec   .          Harm     .   (no cloak)
rCorr   .          Rampage  .   (gloves unavailable)
Will    .....                   (boots unavailable)
Stlth   ++........              (no amulet)
HPRegen 1.15/turn               (no ring)
MPRegen 0.08/turn               (no ring)

@: no status effects
A: large, unfitting armour, claws 3, regeneration 1, shaggy fur 1, tough skin 1
a: no special abilities


You were on level 3 of the Dungeon.
You visited 1 branch of the dungeon, and saw 3 of its levels.

You collected 124 gold pieces.

Inventory:

Hand Weapons
 a - a +2 flail of protection
 i - a +0 morningstar
 n - a +2 vampiric spear
Missiles
 e - 6 curare-tipped darts (quivered)
Armour
 g - a +0 robe (worn)
 m - a +0 buckler
Jewellery
 j - an amulet of faith
Scrolls
 c - a scroll of teleportation {unknown}
 h - a scroll of acquirement {unknown}
 l - a scroll of fog {unknown}
Potions
 b - a potion of mutation {unknown}
 d - a potion of might {unknown}
 f - a potion of haste {unknown}
 k - a potion of curing {unknown}


   Skills:
 + Level 3.2 Fighting
 - Level 2.4 Dodging
 - Level 1.0 Stealth
 * Level 4.8 Unarmed Combat


You had 3 spell levels left.
You didn't know any spells.
Your spell library was empty.

Dungeon Overview and Level Annotations

Branches:
Dungeon (3/15)

Altars:
Okawaru


Innate Abilities, Weirdness & Mutations

You are too large for most types of armour.
You have claws for hands.
Your natural rate of healing is unusually fast.
You are covered in fur. (AC +1)
You have tough skin. (AC +1)


Message History

A ball python comes into view.
You claw the ball python!
You kill the ball python!
No target in view!
Found a runed spear.
You see here a +0 buckler.
m - a +0 buckler
There is a stone staircase leading down here.
Key pressed, stopping explore.
You see here a +2 vampiric spear.
n - a +2 vampiric spear You now have 124 gold pieces (gained 13).
You open the door.
There is an open door here.
A frilled lizard comes into view.
The frilled lizard hisses angrily.
You claw the frilled lizard!
You kill the frilled lizard!
No target in view!
No target in view!
No target in view!
You see here a frilled lizard corpse.
There is a stone staircase leading down here.
An ogre comes into view. It is wielding a +0 giant spiked club.
The helpless ogre fails to defend itself.
You scratch the ogre.
The ogre is lightly wounded.
The ogre hits you with a +0 giant spiked club!
You scratch the ogre but do no damage.
The ogre is lightly wounded.
You barely miss the ogre.
The ogre is lightly wounded.
The ogre barely misses you.
You scratch the ogre but do no damage.
The ogre is lightly wounded.
The ogre hits you with a +0 giant spiked club!
You barely miss the ogre.
The ogre is lightly wounded.
The ogre hits you with a +0 giant spiked club!!
You die...

.................................
.................................
......>.................#.#####.#
........................#.# #.#
........................#.# #.#
........................#.# #.#
....................##... ..#
....................#
........########@...# ........#
#.O....# ........# #......#
........# #......# ........#
#......# ........# #......#
........# #......# ........#
#......# ........#


You could see an ogre.

Vanquished Creatures
  An orc wizard (D:2)
  Robin (D:3)
  4 gnolls (D:2)
  2 orcs (D:2)
  4 ball pythons
  2 endoplasms (D:2)
  12 goblins
  6 hobgoblins
  3 kobolds
  A bat (D:2)
  2 frilled lizards
  3 rats
41 creatures vanquished.

Notes
Turn   | Place    | Note
-------+----------+-------------------------------------------
     0 | D:1      | duskshroud the Troll Monk began the quest for the Orb.
     0 | D:1      | Reached XP level 1. HP: 22/22 MP: 0/0
   365 | D:1      | Reached XP level 2. HP: 26/29 MP: 1/1
  1348 | D:2      | Reached skill level 4 in Unarmed Combat
  1348 | D:2      | Reached XP level 3. HP: 36/36 MP: 2/2
  1448 | D:2      | Reached XP level 4. HP: 45/45 MP: 3/3
  1886 | D:3      | Noticed Robin
  1928 | D:3      | Killed Robin
  2015 | D:3      | Found an iron altar of Okawaru.
  2233 | D:3      | Noticed an ogre
  2239 | D:3      | Slain by an ogre

Illustrated notes

Levels and vault maps discovered:
D:1:      onia_arrival_mini_maze_b, layout_basic
D:2:      layout_loops_ring
D:3:      layout_basic, mainiacjoe_overflow_brackets, lemuel_blue_sif_altar,
          gammafunk_ghost_grave, uniq_robin

Skill      XL: |  1  2  3 |
---------------+----------+-----
Unarmed Combat | 4 |  4.8
Fighting       | 3 |  3.2
Dodging        | |  2.4
Stealth        | |  1.0

Action                   |  1- 3 |  4- 6 || total
-------------------------+-------+-------++-------
Melee: Unarmed           |    61 |    61 ||   122
Throw: Dart              |     3 |       ||     3
 Stab: Sleeping          |     1 |     1 ||     2
Armor: Robe              |    13 |    10 ||    23
Dodge: Dodged            |    29 |    16 ||    45

Table legend: (Time is in decaauts)
 A = Elapsed time spent in this place.
 B = Non-inter-level travel time spent in this place.
 C = Inter-level travel time spent in this place.
 D = Time resting spent in this place.
 E = Time spent auto-exploring this place.
 F = Levels seen in this place.
 G = Mean time per level.
                   A        B        C        D        E       F      G
               +--------+--------+--------+--------+--------+-----+--------+
         Total |   2232 |   2125 |    107 |      2 |   1708 |   3 |  744.0 |
       Dungeon |   2232 |   2125 |    107 |      2 |   1708 |   3 |  744.0 |
               +--------+--------+--------+--------+--------+-----+--------+

Top non-repeatable levels by time:
     D:1: 976 daAuts
     D:2: 711 daAuts
     D:3: 544 daAuts
